 Dungeon Crawl Stone Soup version 0.29.1-15-g9cfb28693d (webtiles) character file.

Game seed: 1470200069758325176

95 pokedragonboy the Conjurer (level 4, -9/24 HPs)
             Began as a Deep Elf Conjurer on Mar 16, 2023.
             Mangled by an ogre
             ... wielding a +0 giant club
              (33 damage)
             ... on level 4 of the Dungeon.
             The game lasted 00:05:30 (2879 turns).

pokedragonboy the Conjurer (Deep Elf Conjurer)      Turns: 2879, Time: 00:05:31

Health: -9/24      AC:  2    Str:  4    XL:     4   Next: 40%
Magic:  12/12      EV: 12    Int: 25    God:
Gold:   165        SH:  0    Dex: 13    Spells: 0/11 levels left

rFire   . . .      SeeInvis .   d - +0 hand axe
rCold   . . .      Faith    .   (no shield)
rNeg    . . .      Spirit   .   a - +0 robe
rPois   .          Reflect  .   (no helmet)
rElec   .          Harm     .   (no cloak)
rCorr   .          Rampage  .   (no gloves)
Will    .....                   (no boots)
Stlth   ++........              (no amulet)
HPRegen 0.08/turn               (no ring)
MPRegen 0.13/turn               (no ring)

@: no status effects
A: no striking features
a: no special abilities


You were on level 4 of the Dungeon.
You visited 1 branch of the dungeon, and saw 4 of its levels.

You collected 165 gold pieces.

Inventory:

Hand Weapons
 d - a +0 hand axe (weapon)
 u - a +0 antimagic dagger
Armour
 a - a +0 robe (worn)
Jewellery
 v - a ring of fire
Scrolls
 e - a scroll of noise {unknown}
 f - 3 scrolls of identify
 k - a scroll of blinking {unknown}
 l - 2 scrolls of vulnerability {unknown}
 m - a scroll of immolation {unknown}
 n - a scroll of teleportation {unknown}
 o - a scroll of enchant armour {unknown}
 p - a scroll of butterflies {unknown}
 q - a scroll of poison {unknown}
 s - a scroll of brand weapon {unknown}
 t - a scroll of fear {unknown}
Potions
 b - 3 potions of magic
 c - 2 potions of curing {unknown}
 g - a potion of might {unknown}
 h - 2 potions of lignification
 i - a potion of flight {unknown}
 j - a potion of berserk rage {unknown}
 r - 3 potions of brilliance {unknown}


   Skills:
 - Level 2.4 Dodging
 - Level 2.4 Stealth
 + Level 4.3 Spellcasting
 + Level 5.2 Conjurations
 + Level 3.0 Hexes


You couldn't memorise any spells.
You knew the following spells:

 Your Spells              Type           Power      Damage    Failure   Level
a - Magic Dart            Conj           100%       1d8       1%          1
b - Searing Ray           Conj           62%        2d6       1%          2
c - Fulminant Prism       Conj/Hex       13%        3d9       16%         4
d - Iskenderun's Mystic   Conj/Tloc      18%        2d6       30%         4

Your spell library contained the following spells:

 Spells                   Type           Power      Damage    Failure   Level
 Dazzling Flash           Conj/Hex       52%        N/A       4%          3
 Apportation              Tloc           10%        N/A       9%          1
 Beastly Appendage        Tmut           10%        N/A       9%          1
 Call Imp                 Summ           5%         N/A       13%         2
 Wereblood                Tmut           5%         N/A       13%         2
 Mephitic Cloud           Conj/Pois/Air  14%        N/A       13%         3
 Spider Form              Tmut/Pois      5%         N/A       26%         3
 Alistair's Intoxication  Tmut/Pois      3%         N/A       94%         5


Dungeon Overview and Level Annotations

Branches:
Dungeon (4/15)
 Temple: D:4-7

Altars:
Hepliaklqana
Qazlal
Trog

Annotations:
D:2 1 runed translucent door, Crazy Yiuf


Message History

Things that are here:
a +0 short sword; an orc skeleton
There is a stone staircase leading down here.
You climb downwards.
Found 6 stones.
There is a stone staircase leading up here.
A kobold comes into view. It is wielding a +0 short sword.
Found 11 gold pieces.
The kobold shouts!
Casting: Magic Dart (safe; 1% risk of failure)
Confirm with . or Enter, or press ? or * to list all spells.
Aiming: Magic Dart (safe; 1% risk of failure)
Press: ? - help, Shift-Dir - straight line, f - kobold
Aim: a kobold, wielding a +0 short sword and quivering stones (100% to hit)
The magic dart hits the kobold.
The kobold is severely wounded.
The kobold hits you with a +0 short sword.
Casting: Magic Dart (safe; 1% risk of failure)
Confirm with . or Enter, or press ? or * to list all spells.
Aiming: Magic Dart (safe; 1% risk of failure)
Press: ? - help, Shift-Dir - straight line, f/p - kobold
Aim: a kobold, wielding a +0 short sword and quivering stones (severely wounded, 100% to hit)
The magic dart hits the kobold.
You kill the kobold!
Magic restored.
HP restored.
You now have 158 gold pieces (gained 11).
Found a stone staircase leading down.
v - a ring of fire
Okay, then.
Found a stone staircase leading up.
Found a stone staircase leading down.
You now have 165 gold pieces (gained 7).
An ogre comes into view. It is wielding a +0 giant club.
Okay, then.
Okay, then.
The ogre attacks as you move away!
The ogre hits you with a +0 giant club!!
Ouch! That really hurt!
You die...

##..#### #.#
#####......####.#
##.....####.#....#
##### #..########
#.#### ....#
#.......... #.# ....#
#..######## #.#
....#####..# #.#
.....^.....#
#######.#
.##......####
#.@.....#
.#..........#
#O#######
...........)###.#
..#..........<#.# >
#.........###!.......
#.........# #########
#...(.....#
#.........#
#.........#


You could see an ogre.

Vanquished Creatures
  A gnoll (D:1)
  An adder (D:3)
  A dart slug (D:1)
  5 orcs (D:3)
  5 ball pythons
  7 bats
  9 endoplasms
  4 giant cockroaches
  8 goblins
  4 hobgoblins
  2 jackals (D:2)
  A quokka (D:2)
  12 kobolds
  3 rats
63 creatures vanquished.

Notes
Turn   | Place    | Note
-------+----------+-------------------------------------------
     0 | D:1      | pokedragonboy the Deep Elf Conjurer began the quest for the
                  | Orb.
     0 | D:1      | Reached XP level 1. HP: 10/10 MP: 6/6
    92 | D:1      | Reached skill level 1 in Hexes
   361 | D:1      | Reached XP level 2. HP: 15/15 MP: 2/8
   364 | D:1      | Learned a level 2 spell: Searing Ray
  1015 | D:2      | Reached XP level 3. HP: 19/19 MP: 7/10
  1488 | D:2      | Found a hazy altar of Hepliaklqana.
  1701 | D:2      | Found a runed translucent door.
  1702 | D:2      | Noticed Crazy Yiuf
  1819 | D:3      | Found a faded altar of an unknown god.
  1821 | D:3      | Reached skill level 5 in Conjurations
  2036 | D:3      | Reached XP level 4. HP: 24/24 MP: 8/12
  2041 | D:3      | Learned a level 4 spell: Fulminant Prism
  2046 | D:3      | Learned a level 4 spell: Iskenderun's Mystic Blast
  2655 | D:3      | Found a bloodstained altar of Trog.
  2655 | D:3      | Found a stormy altar of Qazlal.
  2875 | D:4      | Noticed an ogre
  2879 | D:4      | Mangled by an ogre

Illustrated notes

Levels and vault maps discovered:
D:1:      dpeg_arrival_stonehenge_8_columns, layout_basic, minmay_distorted
D:2:      layout_rooms, basic_altar, uniq_crazy_yiuf_cottage
D:3:      layout_loops_ring, nicolae_overflow_hidden_temple,
          hellmonk_ecumenical_altar_slurped_away, st_stairs_14
D:4:      layout_basic, minmay_temple_entry_tees, kennysheep_cluttered_room,
          minivault_24, uniq_menkaure, uniq_natasha, uniq_edmund

Skill      XL: |  1  2  3  4 |
---------------+-------------+-----
Hexes          | 1 2 3 |  3.0
Spellcasting   | 4 |  4.3
Conjurations   | 5 |  5.2
Dodging        | |  2.4
Stealth        | |  2.4

Action                   |  1- 3 |  4- 6 || total
-------------------------+-------+-------++-------
 Cast: Magic Dart        |    78 |    29 ||   107
       Searing Ray       |     8 |     1 ||     9
  Use: Scroll            |     1 |       ||     1
Armor: Robe              |     1 |       ||     1
Dodge: Dodged            |     5 |       ||     5
